 Dungeon Crawl Stone Soup version 0.25-a0-290-g4a1327ee3a (webtiles) character file.

Game seed: 7926638704535148658, levelgen mode: deterministic

3079 Esekla the Carver (level 9, 0/50 HPs)
             Began as a Deep Elf Abyssal Knight on Dec 13, 2019.
             Was an Elder of Lugonu.
             Killed from afar by Dowan (22 damage)
             ... with a shard of ice
             ... on level 6 of the Dungeon.
             The game lasted 01:31:50 (12167 turns).

Esekla the Carver (Deep Elf Abyssal Knight)        Turns: 12167, Time: 01:31:51

Health: 0/50       AC:  8    Str:  9    XL:     9   Next: 58%
Magic:  14/14      EV: 19    Int: 19    God:    Lugonu [****..]
Gold:   286        SH:  0    Dex: 20    Spells: 13/13 levels left

rFire    + . .     SeeInvis +   a - +1 falchion
rCold    . . .     Gourm    .   (no shield)
rNeg     . . .     Faith    .   f - +5 robe of Agoraphobia {rPois rF+ Dex+4}
rPois    +         Spirit   .   (no helmet)
rElec    .         Reflect  .   J - +0 cloak
rCorr    .         Harm     .   (no gloves)
MR       .....                  (no boots)
Stlth    ++........             (no amulet)
HPRegen  0.16/turn              o - ring of flight
MPRegen  0.14/turn              u - ring of see invisible

@: lethally poisoned (0 -> -2)
A: no striking features
a: Depart the Abyss, Bend Space, Banish, Corrupt, Renounce Religion, Evoke
Flight


You were on level 6 of the Dungeon.
You worshipped Lugonu.
Lugonu was greatly pleased with you.
You were not hungry.

You visited 2 branches of the dungeon, and saw 9 of its levels.
You visited the Abyss 1 time.
You also visited: Ossuary.

You collected 446 gold pieces.
You spent 160 gold pieces at shops.

Inventory:

Hand Weapons
 a - a +1 falchion (weapon)
 j - a +2 spear of freezing
 z - a +0 trident
 G - a +2 dagger of electrocution
Missiles
 p - 3 poisoned darts (quivered)
 v - 11 boomerangs
Armour
 f - the +5 robe of Agoraphobia (worn) {rPois rF+ Dex+4}
   (You found it on level 3 of the Abyss)

   It affects your dexterity (+4).
   It protects you from fire.
   It protects you from poison.
 J - a +0 cloak (worn)
 L - a +2 ring mail of fire resistance
Jewellery
 l - an uncursed ring of ice
 o - a ring of flight (left hand)
 u - a ring of see invisible (right hand)
 M - an uncursed amulet of rage {unknown}
Wands
 B - a wand of disintegration (13)
 H - a wand of polymorph (9)
 I - a wand of flame (21)
Scrolls
 e - 6 scrolls of remove curse
 g - 2 scrolls of enchant weapon {unknown}
 h - 3 scrolls of identify
 i - 6 scrolls of magic mapping
 k - 4 scrolls of teleportation
 m - 3 scrolls of amnesia {unknown}
 n - 2 scrolls of fear
 s - 3 scrolls of fog {unknown}
 t - 3 scrolls of blinking {unknown}
 w - 2 scrolls of random uselessness {unknown}
 y - a scroll of vulnerability {unknown}
 K - a scroll of immolation {unknown}
Potions
 b - a potion of flight
 d - 5 potions of brilliance
 q - a potion of ambrosia
 r - a potion of lignification
 x - a potion of cancellation
 A - 2 potions of heal wounds
 C - 2 potions of agility
 D - a potion of curing
 E - a potion of resistance
 F - a potion of might {unknown}
Comestibles
 c - 2 rations


   Skills:
 - Level 3.1 Fighting
 * Level 9.8 Long Blades
 + Level 1.4 Throwing
 + Level 0.7 Armour
 * Level 8.1 Dodging
 - Level 2.0 Stealth
 + Level 2.5 Spellcasting
 * Level 4.0 Invocations


You had 13 spell levels left.
You didn't know any spells.
Your spell library was empty.

Dungeon Overview and Level Annotations

Branches:
Dungeon (8/15)             Temple (1/1) D:4         Ossuary (visited)
   Lair: D:8-11

Altars:
Ashenzari
Cheibriados
Dithmenos
Elyvilon
Fedhas
Gozag
Hepliaklqana
Kikubaaqudgha
Makhleb
Okawaru
Qazlal
Ru
Sif Muna
Trog
Uskayaw
Vehumet
Wu Jian
Xom
Yredelemnul
Zin
The Shining One

Shops:
D:4 ?   D:5 (   D:6 ?   D:7 }   D:8 %[

Annotations:
D:6 Dowan, Pikel
D:8 Harold


Message History

Dowan is almost dead.
Dowan barely misses you.
You miss Dowan.
Dowan is almost dead.
Dowan closely misses you.
You closely miss Dowan.
Dowan is almost dead.
You feel sick. Dowan misses you.
You riposte.
You miss Dowan.
Dowan is almost dead.
You closely miss Dowan.
Dowan is almost dead.
Dowan breathes, "And she was my only..."
Dowan completely misses you.
You riposte.
You barely miss Dowan.
Dowan is almost dead.
Dowan misses you.
You hit Dowan.
Dowan is almost dead.
Dowan gestures at you while chanting. The shard of ice hits you!!
You die...

..###'###......#...#.....#.....##
...............#...#.....#.....##
##.............#...#.....#.....##
.#.............+...#.....#.....##
.#.............#...#.....#......#
.#.............###'#.....##'#####
.#.....................###......#
.#.....................#........#
.##############e@......#.......##
..............#........#........#
..............#........#........#
.............>#........#........#
..............#........#........#
..............#........#........#
###############........##########
##########


You could see Dowan.

Vanquished Creatures
  Grinder (D:5)
  Menkaure (D:5)
  Edmund (D:5)
  Duvessa (D:5)
  An orc warrior (D:6)
  2 ogres
  An elf zombie (Ossuary)
  Blork the orc (D:6)
  3 bullfrogs
  A water moccasin zombie (D:5)
  A scorpion (D:4)
  2 howler monkeys
  2 crimson imps
  2 centaur zombies
  A quasit (D:5)
  6 orc priests
  Crazy Yiuf (D:7)
  3 hounds
  A bullfrog skeleton (D:5)
  A centaur skeleton (D:5)
  Ijyb (D:2)
  4 iguanas
  9 orc wizards
  5 worker ants
  4 ogre zombies (Ossuary)
  7 mummies (Ossuary)
  A worker ant zombie (D:7)
  4 gnolls
  7 adders
  An ooze (D:4)
  An adder skeleton (D:6)
  5 adder zombies
  5 worms
  3 dart slugs
  3 leopard geckos
  18 orcs
  7 bats
  3 giant cockroaches
  5 gnoll zombies
  8 goblins
  11 hobgoblins
  15 jackals
  4 quokkas
  3 ball pythons
  7 frilled lizards
  4 goblin zombies (Ossuary)
  2 hobgoblin zombies (Ossuary)
  A jackal zombie (D:7)
  9 kobolds
  2 kobold zombies (Ossuary)
  A leopard gecko skeleton (D:5)
  2 quokka skeletons (D:6)
  8 quokka zombies
  4 rats
  2 rat zombies (Ossuary)
209 creatures vanquished.

Vanquished Creatures (others)
  A two-headed ogre (D:7)
1 creature vanquished.

Grand Total: 210 creatures vanquished

Notes
Turn   | Place    | Note
-------+----------+-------------------------------------------
     0 | Abyss:1  | Esekla the Deep Elf Abyssal Knight began the quest for the
                  | Orb.
     0 | Abyss:1  | Reached XP level 1. HP: 13/13 MP: 4/4
    37 | Abyss:1  | Found a corrupted altar of Lugonu.
    66 | Abyss:1  | Noticed a large abomination
    66 | Abyss:1  | Noticed an ancient zyme
    85 | Abyss:2  | Found a corrupted altar of Lugonu.
   105 | Abyss:3  | Got a faintly glowing robe
   116 | Abyss:3  | Identified the +5 robe of Agoraphobia {rPois rF+ Dex+4}
                  | (You found it on level 3 of the Abyss)
   125 | D:1      | Escaped the Abyss
   362 | D:1      | Reached XP level 2. HP: 18/18 MP: 5/5
   443 | D:1      | Reached skill level 2 in Long Blades
   448 | D:1      | Reached * piety under Lugonu
  1081 | D:1      | Reached XP level 3. HP: 22/22 MP: 6/6
  1925 | D:3      | Reached ** piety under Lugonu
  1925 | D:3      | Reached XP level 4. HP: 21/28 MP: 7/7
  2094 | D:3      | Reached skill level 3 in Long Blades
  2187 | D:3      | Found a basalt altar of Yredelemnul.
  2422 | D:3      | Noticed Ijyb
  2625 | D:4      | Reached XP level 5. HP: 32/32 MP: 8/8
  2653 | D:4      | Found a glowing golden altar of the Shining One.
  2732 | D:4      | Found an ancient bone altar of Kikubaaqudgha.
  2798 | D:3      | Found a hide-covered altar of Uskayaw.
  2798 | D:3      | Found a hazy altar of Hepliaklqana.
  2799 | D:3      | Found an ornate altar of the Wu Jian Council.
  2929 | D:3      | Reached *** piety under Lugonu
  3183 | D:3      | Reached skill level 4 in Long Blades
  3183 | D:3      | Reached skill level 1 in Spellcasting
  3340 | D:2      | Killed Ijyb
  3340 | D:2      | Reached skill level 1 in Stealth
  3894 | D:2      | Reached XP level 6. HP: 35/37 MP: 10/10
  4106 | D:4      | Found a staircase to the Ecumenical Temple.
  4125 | Temple   | Entered the Ecumenical Temple
  4381 | D:5      | Entered Level 5 of the Dungeon
  4438 | D:4      | Found Ygalomun's Magic Scroll Emporium.
  4483 | D:4      | Bought a scroll of remove curse for 30 gold pieces
  4483 | D:4      | Bought a scroll of fear for 35 gold pieces
  4483 | D:4      | Bought a scroll of identify for 20 gold pieces
  4483 | D:4      | Bought a scroll of magic mapping for 35 gold pieces
  4485 | D:4      | Bought a scroll of identify for 20 gold pieces
  4485 | D:4      | Bought a scroll of identify for 20 gold pieces
  4761 | D:4      | Reached skill level 5 in Long Blades
  4779 | D:4      | Found a shadowy altar of Dithmenos.
  5387 | D:5      | Found a white marble altar of Elyvilon.
  5422 | D:5      | Reached XP level 7. HP: 39/41 MP: 12/12
  5694 | D:6      | Found Liatalit's Magic Scroll Shop.
  5886 | D:6      | Noticed Blork the orc
  5907 | D:6      | Killed Blork the orc
  5907 | D:6      | Reached skill level 5 in Dodging
  6271 | D:6      | Reached skill level 6 in Long Blades
  6534 | D:6      | Reached **** piety under Lugonu
  6567 | D:6      | Found a bloodstained altar of Trog.
  6567 | D:6      | Found a shimmering blue altar of Sif Muna.
  6602 | D:6      | Noticed Pikel
  6873 | D:5      | Found Isanluon's Weapon Emporium.
  6898 | D:5      | Reached XP level 8. HP: 20/46 MP: 13/13
  7135 | D:5      | Found a burning altar of Makhleb.
  7437 | D:5      | Noticed Grinder
  7572 | D:5      | Noticed Edmund
  7638 | D:7      | Found a sand-covered staircase.
  7654 | D:7      | Reached skill level 7 in Long Blades
  7678 | Ossuary  | Entered an ossuary
  8761 | D:7      | Found a sacrificial altar of Ru.
  8779 | D:7      | Reached ***** piety under Lugonu
  8786 | D:7      | Reached skill level 8 in Long Blades
  9846 | D:7      | Reached XP level 9. HP: 46/50 MP: 14/14
  9870 | D:7      | Found Etzenyx's Gadget Emporium.
  9983 | D:7      | Found a runed translucent door.
  9984 | D:7      | Noticed Crazy Yiuf
  9998 | D:7      | Killed Crazy Yiuf
 10207 | D:8      | Noticed Harold
 10273 | D:8      | Found Ithrun's Food Emporium.
 10273 | D:8      | Noticed a two-headed ogre
 10273 | D:8      | Noticed a two-headed ogre
 10282 | D:7      | Banished a two-headed ogre
 10282 | D:7      | Reached skill level 9 in Long Blades
 10282 | D:7      | Reached skill level 1 in Throwing
 10516 | D:8      | Found Epnea's Antique Armour Emporium.
 10945 | D:5      | Killed Edmund
 11242 | D:5      | Noticed Duvessa
 11242 | D:5      | Noticed Dowan
 11569 | D:5      | Noticed Menkaure
 11596 | D:5      | Killed Grinder
 11695 | D:5      | Killed Menkaure
 12154 | D:5      | Killed Duvessa
 12167 | D:6      | Killed from afar by Dowan

Levels and vault maps discovered:
D:1:      lightli_arrival_quake, layout_basic
D:2:      layout_loops_ring, minmay_misc_feat_secret_circle
D:3:      layout_rooms, lemuel_zombie_altar_yredelemnul,
          gammafunk_temple_overflow_claw, first_ration, columned_hall_lemuel,
          minmay_misc_feat_enclosed, uniq_ijyb
D:4:      layout_rooms, tso_altar, kiku_gazebo_pond_becter,
          nicolae_overflow_hidden_temple, minmay_temple_entry_proselytizer,
          serial_shops, shop
D:5:      layout_gridville, bloody_makhleb, marbit_many_paths, serial_shops,
          shop, minmay_misc_feat_chi, uniq_grinder, uniq_duvessa, uniq_menkaure,
          uniq_edmund
D:6:      layout_gridville, gammafunk_temple_overflow_wave, serial_shops, shop,
          uniq_pikel, uniq_blork_the_orc
D:7:      layout_basic, nicolae_ru_great_annihilating_truth, serial_shops,
          shop_statue, enter_ossuary_3, uniq_crazy_yiuf_cottage
D:8:      layout_cave_pools, kennysheep_mini_moat, serial_shops, shop, shop,
          shop, shop, shop, serial_gnoll_camp, gnoll_camp_medium_02,
          gnoll_camp_mini_doghouse, gnoll_camp_mini_doghouse,
          gnoll_camp_mini_house, uniq_harold
Temple:   jpeg_temple_island

Skill      XL: |  1  2  3  4  5  6  7  8  9 |
---------------+----------------------------+-----
Long Blades    | 2 3 4 5 6 8 9 |  9.8
Fighting       | 3 |  3.1
Dodging        | 3 4 6 7 8 |  8.1
Spellcasting   | 1 2 |  2.5
Stealth        | 1 2 |  2.0
Invocations    | 3 4 |  4.0
Throwing       | 1 |  1.4
Armour         | |  0.7

Action                   |  1- 3 |  4- 6 |  7- 9 || total
-------------------------+-------+-------+-------++-------
Melee: Falchion          |   123 |   282 |   657 ||  1062
       Dagger            |       |       |    33 ||    33
Throw: Dart              |       |    35 |    41 ||    76
       Boomerang         |       |     4 |    56 ||    60
Invok: Depart the Abyss  |     1 |       |       ||     1
       Bend Space        |       |     8 |     4 ||    12
       Banish            |       |       |     1 ||     1
  Use: Scroll            |       |     6 |     8 ||    14
       Potion            |       |       |     7 ||     7
 Stab: Sleeping          |     3 |     2 |    13 ||    18
       Distracted        |       |     1 |       ||     1
       Paralysed         |       |       |     2 ||     2
  Eat: Chunk             |     3 |    12 |    19 ||    34
       Ration            |       |       |     1 ||     1
Armor: Robe              |    40 |    91 |   102 ||   233
       Skin              |       |       |    29 ||    29
Dodge: Dodged            |    70 |   215 |   439 ||   724
       Rpst.: Falchion   |    25 |    57 |   137 ||   219

Table legend:
 A = Non-vault XP
 B = Vault XP
 C = Vault XP percentage of total XP
 D = Non-vault monster count
 E = Vault monster count
 F = Vault count percentage of total count
                 A         B        C        D         E       F
            +---------+---------+-------+---------+---------+-------
      Total |    2971 |    1428 |  32.5 |     159 |      51 |  24.3
            +---------+---------+-------+---------+---------+-------
        D:1 |      65 |       0 |   0.0 |      28 |       0 |   0.0
        D:2 |      97 |      36 |  27.1 |      19 |       1 |   5.0
        D:3 |     113 |       4 |   3.4 |      27 |       2 |   6.9
        D:4 |     392 |      43 |   9.9 |      22 |       1 |   4.3
        D:5 |     727 |     750 |  50.8 |      20 |       4 |  16.7
        D:6 |     706 |      91 |  11.4 |      23 |       1 |   4.2
        D:7 |     868 |      88 |   9.2 |      19 |       5 |  20.8
        D:8 |       3 |       0 |   0.0 |       1 |       0 |   0.0
    Ossuary |       0 |     416 | 100.0 |       0 |      37 | 100.0
            +---------+---------+-------+---------+---------+-------
